 Dungeon Crawl Stone Soup version 0.18.1-50-g88ac8fd (webtiles) character file.

162 RudyRod the Skirmisher (level 5, 0/49 HPs)
             Began as a Naga Fighter on Oct 12, 2016.
             Slain by a gnoll
             ... wielding a +0 spear
              (1 damage)
             ... on level 3 of the Dungeon.
             The game lasted 00:10:18 (2981 turns).

RudyRod the Skirmisher (Naga Fighter)               Turns: 2981, Time: 00:10:20

Health: 0/49       AC:  6    Str: 25    XL:     5   Next: 43%
Magic:  5/5        EV:  6    Int:  8    God:
Gold:   188        SH:  9    Dex: 10    Spells: 0 memorised, 4 levels left

rFire  . . .     SeeInvis +     a - +0 long sword
rCold  . . .     Gourm    .     b - +0 scale mail
rNeg   . . .     Faith    .     c - +0 shield
rPois  +         Spirit   .     h - +0 helmet (curse)
rElec  .         Dismiss  .     (no cloak)
rCorr  .         Reflect  .     (no gloves)
SustAt .         Harm     .     (no barding)
MR     .....                    (no amulet)
Stlth  +.........               (no ring)
                                (no ring)

@: mighty, very slow, not resistant to hostile enchantments, very unstealthy
A: see invisible, deformed body, poison resistance, slowness 2, slow metabolism
1, spit poison 2, AC +1
a: Spit Poison


You were on level 3 of the Dungeon.
You were hungry.

You visited 1 branch of the dungeon, and saw 3 of its levels.

You collected 188 gold pieces.

Inventory:

Hand Weapons
 a - a +0 long sword (weapon)
Armour
 b - a +0 scale mail (worn)
 c - a +0 shield (worn)
 h - a cursed +0 helmet (worn)
Jewellery
 l - an uncursed ring of ice {unknown}
 n - an uncursed ring of protection from fire {unknown}
 p - an uncursed ring of protection from cold {unknown}
Wands
 y - a wand of random effects (18/48)
Scrolls
 i - 3 scrolls of teleportation {unknown}
 m - 2 scrolls of identify {unknown}
 o - 2 scrolls of blinking {unknown}
 q - a scroll of immolation {unknown}
 t - 2 scrolls of fog {unknown}
 w - a scroll of magic mapping {unknown}
 A - a scroll of remove curse {unknown}
Potions
 e - a potion of mutation {unknown}
 j - a potion of lignification {unknown}
 s - a potion of resistance {unknown}
 z - a potion of curing {unknown}
Books
 g - a book of Misfortune

   Spells                             Type                      Level
   a - Confusing Touch                Hexes                        2
   b - Confuse                        Hexes                        3
   c - Gell's Gravitas                Hexes/Translocation          3
   d - Petrify                        Transmutation/Earth          4
   e - Metabolic Englaciation         Hexes/Ice                    5
   f - Yara's Violent Unravelling     Hexes/Transmutation          5
Comestibles
 f - a bread ration
 k - a slice of pizza
 r - a meat ration
 u - a beef jerky
 x - 5 fruits


   Skills:
 + Level 3.5 Fighting
 * Level 2.8 Long Blades
 + Level 3.0 Armour
 + Level 1.2 Dodging
 * Level 2.5 Stealth
 + Level 3.1 Shields


You had 4 spell levels left.
You didn't know any spells.

Dungeon Overview and Level Annotations

Branches:
Dungeon (3/15)

Altars:
Ashenzari
Fedhas
Xom
Yredelemnul


Innate Abilities, Weirdness & Mutations

You cannot wear boots.
Your serpentine skin is tough (AC +1).
You have supernaturally acute eyesight.
Armour fits poorly on your strangely shaped body.
Your system is resistant to poisons.
You cover ground very slowly.
You have a slow metabolism.
You can spit poison.


Message History

The gnoll closely misses you. The gnoll hits you but does no damage.
The gnoll splashes around in the water.
Your shield prevents you from hitting the gnoll.
The gnoll is heavily wounded.
You block the gnoll's attack.
The gnoll hits you from afar with a halberd.
The gnoll hits you from afar with a spear.
You block the gnoll's attack. The gnoll hits you but does no damage.
You slash the gnoll!
You kill the gnoll!
Your Armour skill increases to level 3!
The gnoll splashes around in the water.
You block the gnoll's attack. The gnoll hits you but does no damage.
You block the gnoll's attack.
You closely miss the gnoll.
You have got your breath back.
The gnoll hits you from afar with a halberd!
* * * LOW HITPOINT WARNING * * *
The gnoll completely misses you.
The gnoll hits you from afar with a spear.
You die...

....# #####.####....._....#.>##
...#####.......................#
....†..........................#
...#####......).......(........#
.......#####.####.........######
######.#####.# ###########
.............#
...#<########################
.............gg)@...........#
≈...gg≈g≈≈≈≈≈gg≈g≈≈≈≈≈≈≈....#
≈....≈≈≈≈≈≈≈≈≈≈≈≈≈≈≈≈≈≈≈....#
≈....≈≈≈≈≈≈≈≈≈≈≈≈#####≈≈....#
.................#gg.#≈≈....#
#''''#############...#≈≈....#
.... #'###≈≈P...# ...
..#.≈≈≈....# #.≈≈≈....#


You could see 6 gnolls.

Vanquished Creatures
  2 gnolls (D:3)
  4 adders
  An ooze (D:2)
  3 worms
  2 dart slugs
  A giant gecko (D:2)
  3 orcs (D:3)
  3 giant cockroaches (D:3)
  6 hobgoblins
  19 jackals
  6 kobolds
  3 quokkas
  8 bats
  3 giant newts
  8 goblins
  9 rats
  A plant (D:3)
82 creatures vanquished.

Notes
Turn   | Place    | Note
--------------------------------------------------------------
     0 | D:1      | RudyRod the Naga Fighter began the quest for the Orb.
     0 | D:1      | Reached XP level 1. HP: 21/21 MP: 1/1
    51 | D:1      | Reached XP level 2. HP: 9/28 MP: 2/2
   586 | D:1      | Reached XP level 3. HP: 25/34 MP: 3/3
  1428 | D:2      | Reached skill level 1 in Stealth
  1428 | D:2      | Reached XP level 4. HP: 42/42 MP: 4/4
  1827 | D:3      | Reached skill level 1 in Dodging
  2150 | D:3      | Found a shimmering altar of Xom.
  2317 | D:3      | Found a shattered altar of Ashenzari.
  2539 | D:3      | Found a blossoming altar of Fedhas.
  2541 | D:3      | Found a basalt altar of Yredelemnul.
  2581 | D:3      | Reached XP level 5. HP: 47/49 MP: 5/5
  2981 | D:3      | HP: 1/49 [gnoll/halberd (15)]
  2981 | D:3      | Slain by a gnoll

Skill      XL: |  1  2  3  4  5 |
---------------+----------------+-----
Stealth        | 1 2 |  2.5
Shields        | 3 |  3.1
Dodging        | 1 |  1.2
Armour         | 3 |  3.0
Fighting       | |  3.5
Long Blades    | |  2.8

Action                   |  1- 3 |  4- 6 || total
-------------------------+-------+-------++-------
Melee: Long sword        |   139 |   185 ||   324
 Abil: Spit Poison       |    10 |    16 ||    26
  Use: Potion            |       |     1 ||     1
  Eat: Chunk             |     1 |     1 ||     2
       Bread ration      |       |     1 ||     1
Armor: Scale mail        |    77 |    79 ||   156
Dodge: Dodged            |    42 |    56 ||    98
Block: Shield            |    91 |    85 ||   176
